 Dungeon Crawl Stone Soup version 0.23.2-33-g5129a83184 (webtiles) character file.

Game seed: 17177603165480670731

293 AarnesTheHuman the Slasher (level 6, -1/47 HPs)
             Began as a Human Fighter on July 15, 2019.
             Was a Follower of Kikubaaqudgha.
             Slain by an orc wizard
             ... wielding a +0 dagger
              (5 damage)
             ... on level 4 of the Dungeon.
             The game lasted 00:39:03 (3786 turns).

AarnesTheHuman the Slasher (Human Fighter)          Turns: 3786, Time: 00:39:03

Health: -1/47      AC:  9    Str: 19    XL:     6   Next: 60%
Magic:  6/6        EV:  7    Int:  8    God:    Kikubaaqudgha [*.....]
Gold:   148        SH:  0    Dex: 12    Spells: 5/5 levels left

rFire    . . .     SeeInvis .   a - +1 long sword
rCold    . . .     Gourm    .   c - +1 shield
rNeg     . . .     Faith    .   b - +0 scale mail
rPois    +         Spirit   .   r - +0 helmet
rElec    .         Reflect  .   (no cloak)
rCorr    .         Harm     .   (no gloves)
MR       .....                  A - +0 pair of boots
Stlth    ..........             (no amulet)
HPRegen  0.15/turn              m - ring of poison resistance
MPRegen  0.10/turn              (no ring)

@: confused
A: no striking features
a: Receive Corpses, Renounce Religion


You were on level 4 of the Dungeon.
You worshipped Kikubaaqudgha.
Kikubaaqudgha was aware of your devotion.
You were not hungry.

You visited 1 branch of the dungeon, and saw 4 of its levels.

You collected 148 gold pieces.

Inventory:

Hand Weapons
 a - a +1 long sword (weapon)
 d - a +0 dagger
 h - a +0 mace
 o - a +0 hunting sling
 t - a +0 club
 u - a +0 halberd
 w - a +0 short sword
 z - a +0 quarterstaff
Missiles
 e - 39 sling bullets
 g - 13 poisoned needles
 j - 58 bolts
 p - 102 stones (quivered)
Armour
 b - a +0 scale mail (worn)
 c - a +1 shield (worn)
 r - a +0 helmet (worn)
 A - a +0 pair of boots (worn)
Jewellery
 m - a ring of poison resistance (left hand)
Scrolls
 l - a scroll of blinking {unknown}
 n - 3 scrolls of identify
 q - 3 scrolls of remove curse
 v - a scroll of immolation
Comestibles
 f - 5 rations
 i - 3 chunks of flesh


   Skills:
 + Level 3.5 Fighting
 + Level 4.7 Long Blades
 + Level 1.0 Throwing
 + Level 4.1 Armour
 + Level 0.6 Dodging
 + Level 0.1 Stealth
 + Level 3.6 Shields


You had 5 spell levels left.
You didn't know any spells.
Your spell library contained the following spells:

 Spells                   Type           Power        Failure   Level  Hunger
 Pain                     Necr           #...         99%         1    ##.....
 Corpse Rot               Necr           N/A          100%        2    ###....
 Sublimation of Blood     Necr           #.........   100%        2    ###....
 Vampiric Draining        Necr           #.........   100%        3    ####...


Dungeon Overview and Level Annotations

Branches:
Dungeon (4/15)
 Temple: D:4-7

Altars:
Kikubaaqudgha

Shops:
D:4 }


Message History

The orc is heavily wounded.
The orc hits you with a cursed -2 short sword.
The orc wizard hits you but does no damage.
You bump into the rock wall.
The orc priest begins to cast a cantrip, but forgets the words!
The orc barely misses you.
The orc wizard hits you but does no damage.
You bump into the rock wall.
The orc misses you.
The orc wizard gestures at you while chanting.
The puff of flame hits you!
You barely miss the orc.
The orc is heavily wounded.
An orc comes into view. It is wielding a +0 mace.
The orc priest mumbles some strange prayers to Beogh against you.
Beogh smites you!
* * * LOW HITPOINT WARNING * * *
The orc barely misses you.
The orc wizard hits you with a +0 dagger.
You die...
Kikubaaqudgha rasps: "You have failed me!
Welcome... death!"

#.......#...#####.[.###.#,*,**
#.......................#.#,.,
#.......#....####...........,.
#.......#.....# #..........#..
##......#...#.# #.......##...,
#......##.##.# #...........,,
#......##.##.# #........#*,,,
#.........##o###.......##**,,
#..........#@oooo......## *,,
#......#....####o..o....# **,
#......##....# #..÷%....# *,
#......##.<..#*#...†....## *,
######.##.##..######.....###.
#..#.#*...#*#....#%.....
##.#.#*#.......#.#8..... *...#
*#.###..#.#...... **..#
*..#..........#.


You could see an orc priest, an orc wizard and 5 orcs.

Vanquished Creatures
  A scorpion (D:3)
  2 orc wizards
  An iguana (D:4)
  4 gnolls
  3 adders
  An ooze (D:1)
  4 worms
  4 leopard geckos
  4 orcs
  7 giant cockroaches
  7 goblins
  9 hobgoblins
  4 jackals (D:3)
  7 kobolds
  3 quokkas
  A ball python (D:3)
  7 bats
  4 frilled lizards
  6 rats
79 creatures vanquished.

Notes
Turn   | Place    | Note
-------+----------+-------------------------------------------
     0 | D:1      | AarnesTheHuman the Human Fighter began the quest for the
                  | Orb.
     0 | D:1      | Reached XP level 1. HP: 18/18 MP: 1/1
   129 | D:1      | Reached XP level 2. HP: 6/24 MP: 2/2
   544 | D:1      | You fall through a shaft!
   597 | D:1      | Reached XP level 3. HP: 15/29 MP: 3/3
   946 | D:1      | Reached XP level 4. HP: 29/35 MP: 4/4
  1782 | D:2      | Reached XP level 5. HP: 41/41 MP: 5/5
  2195 | D:3      | Found a faded altar of an unknown god.
  2225 | D:3      | Became a worshipper of Kikubaaqudgha
  2225 | D:3      | Reached * piety under Kikubaaqudgha
  2225 | D:3      | Identified Kikubaaqudgha's Almanac of Darkness
                  | (Kikubaaqudgha gifted it to you on level 3 of the Dungeon)
  2225 | D:3      | Received a gift from Kikubaaqudgha
  2422 | D:3      | Reached XP level 6. HP: 45/47 MP: 6/6
  3713 | D:4      | Found Piumm's Gadget Shop.
  3726 | D:4      | Reached skill level 1 in Throwing
  3786 | D:4      | Slain by an orc wizard

Skill      XL: |  1  2  3  4  5  6 |
---------------+-------------------+-----
Long Blades    | 3 4 |  4.7
Armour         | 4 |  4.1
Throwing       | 1 |  1.0
Fighting       | |  3.5
Dodging        | |  0.6
Stealth        | |  0.1
Shields        | |  3.6

Action                   |  1- 3 |  4- 6 || total
-------------------------+-------+-------++-------
Melee: Long sword        |    67 |   212 ||   279
Throw: Tomahawk          |       |    34 ||    34
       Stone             |       |    11 ||    11
  Use: Scroll            |     1 |    11 ||    12
       Potion            |       |     5 ||     5
  Eat: Ration            |     2 |     1 ||     3
Armor: Scale mail        |    35 |    82 ||   117
       Ring mail         |       |    34 ||    34
       Skin              |       |    15 ||    15
Dodge: Dodged            |    18 |    87 ||   105
Block: Shield            |    43 |   122 ||   165
       Rpst.: Long sword |     7 |    25 ||    32
